 Dungeon Crawl Stone Soup version 0.30-a0-567-gf7fd966b4a (webtiles) character file.

Game seed: 15586245534031240079

135 Barriton the Stinger (level 4, -1/33 HPs)
             Began as a Draconian Venom Mage on Dec 28, 2022.
             Slain by an orc priest
             ... wielding a +0 club
              (4 damage)
             ... on level 3 of the Dungeon.
             The game lasted 00:07:48 (3475 turns).

Barriton the Stinger (Draconian Venom Mage)         Turns: 3475, Time: 00:07:49

Health: -1/33      AC:  5    Str: 10    XL:     4   Next: 96%
Magic:  0/9        EV: 12    Int: 17    God:
Gold:   170        SH:  0    Dex: 12    Spells: 6/9 levels left

rFire   . . .      SeeInvis .      - Unarmed
rCold   + . .      Faith    .    (no shield)
rNeg    . . .      Spirit   .    (body armour unavailable)
rPois   .          Reflect  .    f - +0 hat
rElec   .          Harm     .    (no cloak)
rCorr   .          Rampage  .    (no gloves)
Will    .....                    (no boots)
Stlth   ++                       (no amulet)
HPRegen 0.25/turn                g - ring of protection from cold
MPRegen 0.11/turn                (no ring)

@: no status effects
A: AC +5, unfitting armour, cold-blooded
a: no special abilities


You were on level 3 of the Dungeon.
You visited 1 branch of the dungeon, and saw 3 of its levels.

You collected 170 gold pieces.

Inventory:

Armour
 f - a +0 hat (worn)
Jewellery
 g - a ring of protection from cold (left hand)
Scrolls
 b - a scroll of immolation
 e - a scroll of silence {unknown}
Potions
 a - 2 potions of magic
 c - a potion of might
 d - a potion of lignification
 h - a potion of attraction {unknown}
 i - a potion of berserk rage {unknown}


   Skills:
 + Level 0.1 Fighting
 + Level 2.0 Dodging
 + Level 1.9 Stealth
 + Level 1.0 Unarmed Combat
 + Level 3.4 Spellcasting
 + Level 1.9 Transmutations
 + Level 0.2 Air Magic
 + Level 3.7 Poison Magic


You had 6 spell levels left.
You knew the following spells:

 Your Spells              Type           Power      Damage    Failure   Level
a - Sting                 Tmut/Pois      48%        1d5       5%          1
b - Poisonous Vapours     Pois/Air       18%        N/A       11%         2

Your spell library contained the following spells:

 Spells                   Type           Power      Damage    Failure   Level
 Mephitic Cloud           Conj/Pois/Air  7%         N/A       28%         3
 Olgreb's Toxic Radiance  Pois           15%        N/A       34%         4
 Inner Flame              Hex/Fire       2%         N/A       45%         3
 Cause Fear               Hex            1%         N/A       86%         4
 Discord                  Hex            1%         N/A       100%        8


Dungeon Overview and Level Annotations

Branches:
Dungeon (3/15)

Altars:


Innate Abilities, Weirdness & Mutations

Your plain brown scales are hard. (AC +5)
You cannot fit into any form of body armour.
You are cold-blooded and may be slowed by cold attacks.


Message History

The orc priest hits you but does no damage.
You see here 4 stones.
You barely miss the orc priest.
The orc priest is lightly wounded.
The orc priest begins to cast a cantrip, but forgets the words!
You closely miss the orc priest.
The orc priest is lightly wounded.
The orc priest calls down the wrath of Beogh upon you.
Pain shoots through your body!
* * * LOW HITPOINT WARNING * * *
You barely miss the orc priest.
The orc priest is lightly wounded.
The orc priest closely misses you.
You hit the orc priest but do no damage.
Your tail-slap misses the orc priest.
The orc priest is moderately wounded.
The orc priest hits you with a +0 club.
* * * LOW HITPOINT WARNING * * *
You barely miss the orc priest.
The orc priest is moderately wounded.
The orc priest looks more healthy.
The orc priest barely misses you.
Casting: Poisonous Vapours (safe; 11% risk of failure)
Confirm with . or Enter, or press ? or * to list all spells.
Aiming: Sting (safe; 5% risk of failure)
Press: ? - help, Shift-Dir - straight line, f/p - orc priest
Aim: an orc priest, wielding a +0 club and wearing a +0 leather armour (moderately wounded, 71% to hit)
The sting hits the orc priest but does no damage.
The orc priest is poisoned.
The orc priest is moderately wounded.
The orc priest closely misses you.
You hit the orc priest but do no damage.
The orc priest is heavily wounded.
The orc priest looks satisfied for a moment.
You barely miss the orc priest.
Your tail-slap misses the orc priest.
The orc priest is heavily wounded.
The orc priest hits you but does no damage.
You closely miss the orc priest.
Your tail-slap misses the orc priest.
The orc priest is heavily wounded.
The orc priest hits you with a +0 club.
You die...

#####.# #.....#
#.##### #.# #.####
#######.#. #...<##
#......... ####.#.
####''#### . #.#.
#§§§o.≈≈≈# . #.#.
#§§@§...≈# .
#.#.###≈.####[≈#######
#. #.#.#.').#
#..§...... .
#.....'..# #§.'.#.## .
#.....#≈.####.≈### #
#....##§......≈# .# #.
#.#####≈≈≈..≈≈≈# .# #.
# ####''######.# ###.
#..#.##...# #...


You could see an orc priest (poisoned).

Vanquished Creatures
  A gnoll (D:1)
  5 adders
  A worm (D:3)
  2 dart slugs
  8 orcs
  8 endoplasms
  2 giant cockroaches
  4 goblins
  4 hobgoblins
  6 kobolds
  3 quokkas (D:3)
  5 ball pythons
  3 bats
  3 frilled lizards (D:1)
  9 rats
64 creatures vanquished.

Notes
Turn   | Place    | Note
-------+----------+-------------------------------------------
     0 | D:1      | Barriton the Draconian Venom Mage began the quest for the
                  | Orb.
     0 | D:1      | Reached XP level 1. HP: 14/14 MP: 3/3
   345 | D:1      | Reached XP level 2. HP: 20/20 MP: 3/5
   410 | D:1      | Learned a level 2 spell: Poisonous Vapours
   706 | D:1      | Reached XP level 3. HP: 5/26 MP: 1/6
  1537 | D:2      | Found a faded altar of an unknown god.
  1891 | D:2      | Reached XP level 4. HP: 33/33 MP: 2/8
  3405 | D:3      | Reached skill level 1 in Unarmed Combat
  3470 | D:3      | HP: 1/33 [orc priest/+0 club (6)]
  3475 | D:3      | Slain by an orc priest

Illustrated notes

Levels and vault maps discovered:
D:1:      dpeg_arrival_castle, layout_basic, minmay_hexomino_u4
D:2:      layout_basic, ebering_ecumenical_altar_mist
D:3:      layout_loops_ring, kennysheep_generic_room_6

Skill      XL: |  1  2  3  4 |
---------------+-------------+-----
Dodging        | 2 |  2.0
Spellcasting   | 3 |  3.4
Unarmed Combat | 1 |  1.0
Fighting       | |  0.1
Stealth        | |  1.9
Transmutations | |  1.9
Air Magic      | |  0.2
Poison Magic   | |  3.7

Action                   |  1- 3 |  4- 6 || total
-------------------------+-------+-------++-------
Melee: Unarmed           |    79 |    68 ||   147
       Tailslap          |     9 |     7 ||    16
       Punch             |     1 |     1 ||     2
 Cast: Sting             |    43 |    39 ||    82
       Poisonous Vapours |     5 |    28 ||    33
  Use: Scroll            |     3 |     2 ||     5
Armor: Skin              |    28 |    16 ||    44
Dodge: Dodged            |    68 |    43 ||   111

Table legend: (Time is in decaauts)
 A = Elapsed time spent in this place.
 B = Non-inter-level travel time spent in this place.
 C = Inter-level travel time spent in this place.
 D = Time resting spent in this place.
 E = Time spent auto-exploring this place.
 F = Levels seen in this place.
 G = Mean time per level.
                   A        B        C        D        E       F      G
               +--------+--------+--------+--------+--------+-----+--------+
         Total |   3482 |   3431 |     51 |      0 |   2766 |   3 | 1160.7 |
       Dungeon |   3482 |   3431 |     51 |      0 |   2766 |   3 | 1160.7 |
               +--------+--------+--------+--------+--------+-----+--------+

Top non-repeatable levels by time:
     D:1: 1179 daAuts
     D:2: 1170 daAuts
     D:3: 1132 daAuts
